 Dungeon Crawl Stone Soup version 0.28.0 (webtiles) character file.

Game seed: 3035617807816006029

35 lonewolfV2 the Ducker (level 3, -2/36 HPs)
             Began as a Troll Fighter on Feb 9, 2022.
             Slain by an ice beast (9 damage)
             ... on level 3 of the Dungeon.
             The game lasted 00:01:46 (1715 turns).

lonewolfV2 the Ducker (Troll Fighter)               Turns: 1715, Time: 00:01:47

Health: -2/36      AC:  4    Str: 24    XL:     3   Next: 16%
Magic:  2/2        EV:  9    Int:  4    God:
Gold:   91         SH:  8    Dex: 11    Spells: 2/2 levels left

rFire   . . .      SeeInvis .     - Unarmed
rCold   . . .      Faith    .   b - +1 kite shield
rNeg    . . .      Spirit   .   a - +0 robe
rPois   .          Reflect  .   (helmet restricted)
rElec   .          Harm     .   (no cloak)
rCorr   .          Rampage  .   (gloves unavailable)
Will    .....                   (boots unavailable)
Stlth   +.........              (no amulet)
HPRegen 0.92/turn               h - ring of flight
MPRegen 0.08/turn               (no ring)

@: flying
A: large, unfitting armour, claws 3, regeneration 1, shaggy fur 1, tough skin 1
a: no special abilities


You were on level 3 of the Dungeon.
You visited 1 branch of the dungeon, and saw 3 of its levels.

You collected 91 gold pieces.

Inventory:

Armour
 a - a +0 robe (worn)
 b - a +1 kite shield (worn)
Jewellery
 h - a ring of flight (left claw)
 l - a ring of wizardry
Scrolls
 e - a scroll of vulnerability
Potions
 c - a potion of might
 d - a potion of mutation
 f - a potion of attraction
 g - a potion of heal wounds


   Skills:
 + Level 2.7 Fighting
 + Level 2.8 Dodging
 + Level 2.7 Shields
 + Level 2.3 Unarmed Combat


You had 2 spell levels left.
You didn't know any spells.
Your spell library was empty.

Dungeon Overview and Level Annotations

Branches:
Dungeon (3/15)

Altars:


Innate Abilities, Weirdness & Mutations

You are too large for most types of armour.
You have claws for hands.
Your natural rate of healing is unusually fast.
You are covered in fur. (AC +1)
You have tough skin. (AC +1)


Message History

The stone hits you but does no damage.
An ice beast comes into view.
The kobold throws a stone.
You block the stone.
Found a lajatang.
You block the ice beast's attack.
The kobold throws a stone.
The stone closely misses you.
The ice beast hits you but does no damage.
You block the kobold's attack.
You barely miss the ice beast. You block the ice beast's attack.
The kobold hits you but does no damage.
You closely miss the ice beast. The ice beast barely misses you.
The kobold hits you with a +0 short sword.
You scratch the ice beast.
The ice beast is lightly wounded.
The ice beast barely misses you. You block the kobold's attack.
You scratch the ice beast.
The ice beast is moderately wounded.
You block the ice beast's attack. The kobold barely misses you.
You barely miss the ice beast.
The ice beast is moderately wounded.
You block the ice beast's attack.
The kobold hits you with a +0 short sword.
The ice beast hits you. The ice beast freezes you!
You barely miss the ice beast.
The ice beast is moderately wounded.
The kobold hits you with a +0 short sword.
The ice beast hits you but does no damage.
You scratch the ice beast.
The ice beast is heavily wounded.
You block the kobold's attack. You block the ice beast's attack.
You closely miss the ice beast.
The ice beast is heavily wounded.
The kobold hits you with a +0 short sword.
The ice beast hits you but does no damage.
You closely miss the ice beast.
The ice beast is heavily wounded.
The kobold hits you with a +0 short sword.
The ice beast hits you.
* * * LOW HITPOINT WARNING * * *
The ice beast freezes you!
You die...

.###.... ... .......)..
........ ...<#'# ...#.#
######....##
........K..# #Y@...#
#.....# #..#..#
########..#..### #..
.......$.......####.####
....###.......## ......#
. ##..#...## #.##.###
####.......####.......
+.........).........>


You could see an ice beast and a kobold.

Vanquished Creatures
  An adder (D:2)
  A dart slug (D:2)
  6 endoplasms
  A giant cockroach (D:2)
  2 hobgoblins
  A quokka (D:2)
  5 ball pythons
  A goblin (D:3)
  2 kobolds (D:2)
  2 rats
22 creatures vanquished.

Notes
Turn   | Place    | Note
-------+----------+-------------------------------------------
     0 | D:1      | lonewolfV2 the Troll Fighter began the quest for the Orb.
     0 | D:1      | Reached XP level 1. HP: 22/22 MP: 0/0
   943 | D:2      | Reached XP level 2. HP: 29/29 MP: 1/1
  1313 | D:2      | Found a faded altar of an unknown god.
  1449 | D:2      | Reached XP level 3. HP: 36/36 MP: 2/2
  1624 | D:2      | Identified the +1 leather armour of Distant Worlds {Dex+5}
  1703 | D:3      | Noticed an ice beast
  1715 | D:3      | Slain by an ice beast

Illustrated notes

Levels and vault maps discovered:
D:1:      lightli_arrival_quake, layout_basic
D:2:      layout_basic, shapermc_ecumenical_altar_flowoftime
D:3:      layout_basic, mainiacjoe_overflow_catch_the_wave, minmay_circle_x,
          uniq_terence

Action                   || total
-------------------------++-------
Melee: Unarmed           ||    79
  Use: Scroll            ||     9
 Stab: Sleeping          ||     1
Armor: Robe              ||    28
Dodge: Dodged            ||    25
Block: Kite shield       ||    31
